Unix NetHack Version 5.0.0-0 post-release - last build Jun 10 2026 00:39:30 (3ee93aec679c4c4259841fe613dc97188e26a321,branch:main).

Game began 2026-07-03 03:48:49, ended 2026-07-03 04:00:27.

Atrocia, neutral female human Tourist

                                           -------
                                           <.@)..|
                                           --GG..-
                                            [.....
                                            ...--.
                                             ---

Atrocia the Rambler         St:14 Dx:11 Co:18 In:13 Wi:8 Ch:15  Neutral
Dlvl:4  $:1172 HP:0(20) Pw:3(3) AC:2  Xp:2 T:1224  Burdened

Latest messages:
 You hear some noises.
 Your dog eats a gnome corpse.
 The gnome misses!
 You miss the gnome.
 The gnome misses!
 You hit the gnome.
 The gnome picks up a pair of hard shoes.
 The gnome misses!
 You miss the gnome.
 The gnome hits!
 The gnome misses!
 You miss the gnome.
 You miss the gnome.
 You kill the gnome!
 You hear some noises.
 The gnome hits!
 You miss the gnome.
 It misses the gnome.
 It misses the gnome.
 You miss the gnome.
 It bites the gnome.
 The gnome is killed!
 Your dog eats a gnome corpse.
 You have a little trouble lifting C - a potion of extra healing.
 (For instructions type a '?')
 Move cursor to object on map (or '.' for one under you):
 Call a black gem: 
 The gnome lord picks up a black gem.
 You miss the gnome lord.
 The gnome lord misses!
 You hit the gnome lord!
 The gnome lord hits!
 You miss the gnome lord.
 It misses the gnome lord.
 The gnome lord hits!
 The dart misses the gnome lord.
 A dart misses you.
 It bites the gnome lord.
 The gnome lord misses it.
 You miss the gnome lord.
 It misses the gnome lord.
 You hit the gnome lord.
 It bites the gnome lord.
 The gnome lord hits it.
 The gnome lord hits!
 It misses the gnome lord.
 It misses the gnome lord.
 The gnome lord hits!
 You die...
 Do you want your possessions identified? [ynq] (y) q

Inventory:
 Coins    ('$')
  $ - 1172 gold pieces
 Weapons  (')')
  a - 34 +2 darts (at the ready)
  z - 9 +0 darts
  p - 8 cursed -1 darts
  k - a +0 two-handed sword (weapon in hands)
 Armor    ('[')
  s - an uncursed +0 orcish helm (being worn)
  h - an uncursed +0 Hawaiian shirt with a water nymph motif
  q - an uncursed +0 plate mail (being worn)
 Comestibles  ('%')
  l - an uncursed slime mold
  d - an uncursed clove of garlic
  b - 9 uncursed food rations
  u - an uncursed partly eaten food ration
  e - an uncursed lembas wafer
  c - an uncursed tripe ration
  A - a cursed tripe ration
  o - an uncursed lichen corpse
 Scrolls  ('?')
  r - an uncursed scroll of genocide
  g - 4 uncursed scrolls of magic mapping
 Spellbooks  ('+')
  m - an uncursed spellbook of healing
  v - an uncursed spellbook of light
 Potions  ('!')
  C - a blessed potion of extra healing
  f - 2 uncursed potions of extra healing
  n - an uncursed potion of fruit juice
  x - an uncursed potion of sickness
 Tools    ('(')
  j - an uncursed credit card
  i - an expensive camera (0:94)
  t - an uncursed tin opener
 Gems/Stones  ('*')
  w - an uncursed worthless piece of orange glass
  B - an uncursed worthless piece of red glass

Atrocia the Tourist's attributes:

Background:
 You were a Rambler, a level 2 female human Tourist.
 You were neutral, nominally on a mission for The Lady
 who was opposed by Blind Io (lawful) and Offler (chaotic).
 You were left-handed.
 You were in the Gnomish Mines, on level 4.
 You entered the dungeon 1224 turns ago.
 It was nighttime.
 You had 27 experience points, 13 more were needed to attain level 3.

Basics:
 You had 0 out of 20 hit points.
 You had all 3 energy points (spell power).
 Your armor class was 2.
 Your wallet contained 1172 zorkmids.
 Autopickup was on for '$"?+!=/' plus thrown.

Final Characteristics:
 Your strength was 14 (limit:18/100).
 Your dexterity was 11 (limit:18).
 Your constitution was 18 (limit:18).
 Your intelligence was 13 (limit:18).
 Your wisdom was 8 (limit:18).
 Your charisma was 15 (limit:18).

Final Status:
 You weren't hungry.
 You were burdened; movement was slightly slowed.
 You were wielding a two-handed sword.
 You were unskilled in two-handed sword.

Final Attributes:
 You were stridently aligned.
 You were guarded.
 You are dead.

Miscellaneous:
 You didn't encounter any bones levels.
 Total elapsed playing time was 11 minutes and 37 seconds.

Major events:
 Turn
    1: Atrocia the neutral female human Tourist entered the dungeon
 1103: entered the Gnomish Mines
 1224: killed by a gnome lord

You didn't know any spells.

Skills:
 Fighting Skills
   bare handed combat [Unskilled]
   two weapon combat  [Unskilled]
   riding             [Unskilled]
 Weapon Skills
   dagger             [Unskilled]
   knife              [Unskilled]
   axe                [Unskilled]
   pick-axe           [Unskilled]
   short sword        [Unskilled]
   broadsword         [Unskilled]
   long sword         [Unskilled]
   two-handed sword   [Unskilled]
   saber              [Unskilled]
   mace               [Unskilled]
   morning star       [Unskilled]
   flail              [Unskilled]
   hammer             [Unskilled]
   quarterstaff       [Unskilled]
   polearms           [Unskilled]
   spear              [Unskilled]
   trident            [Unskilled]
   lance              [Unskilled]
   bow                [Unskilled]
   sling              [Unskilled]
   crossbow           [Unskilled]
   dart               [Basic]
   shuriken           [Unskilled]
   boomerang          [Unskilled]
   whip               [Unskilled]
   unicorn horn       [Unskilled]
 Spellcasting Skills
   divination spells  [Unskilled]
   enchantment spells [Unskilled]
   escape spells      [Unskilled]

Voluntary challenges:
 Character rerolling was not enabled.
 You were an atheist.
 You were illiterate.
 You never genocided any monsters.
 You never polymorphed an object.
 You never changed form.
 You used no wishes.
Achievement:
 You entered the Gnomish Mines.

 The Dungeons of Doom: levels 1 to 4
    Level 1:
       A sink.
    Level 2:
    Level 3:
       Stairs down to The Gnomish Mines.
    Level 4:
 The Gnomish Mines:
    Level 4: <- You were here.
       Final resting place for
          you, killed by a gnome lord.


Vanquished creatures:
  a gnome leader
  2 dwarves
  6 gnomes
  a kobold
  2 goblins
  a sewer rat
  3 grid bugs
  2 lichens
  a kobold zombie
  3 newts
22 creatures vanquished.

No species were genocided or became extinct.

Game over:
                       ----------
                      /          \
                     /    REST    \
                    /      IN      \
                   /     PEACE      \
                  /                  \
                  |     Atrocia      |
                  |     1172 Au      |
                  |   killed by a    |
                  |    gnome lord    |
                  |                  |
                  |                  |
                  |       2026       |
                 *|     *  *  *      | *
        _________)/\\_//(\/(/\)/\//\/|_)_______

Aloha Atrocia the Tourist...

You died in The Gnomish Mines on dungeon level 4 with 489 points,
and 1172 pieces of gold, after 1224 moves.
You were level 2 with a maximum of 20 hit points when you died.

